AoeStats
← the.rock.one

Black Forest

510369504Analyzed
3v3 RM · 2d ago on Sep 30, 2026· 62m 9s· 6 players
Game mode
Random Map
Map size
Normal (6 player)
Population
200
Speed
Normal
Resources
Standard
Victory
Conquest
Starting age
Dark Age
Ending age
Imperial Age
RankedLock teamsTeams togetherTeam positionsShared explorationLock speedFull tech treeHidden civsTurbo modeCheats
Victory
Defeat
🇷🇺 Bohemians · Russia
955
+17
🇮🇳 Hindustanis · India
927
+17
🇵🇱 Persians · Poland
859
+20
🇩🇪 Japanese · Germany
1247
-28
🇩🇪 Romans · Germany
917
-16
🇩🇪 Khmer · Germany
751
-10
SAMURAI
0:30 Loom
14:05 Feudal Age
18:59 Double-Bit Axe
18:58 Horse Collar
21:45 Castle Age
20:13 Scale Mail Armor
22:57 Forging
33:10 Wheelbarrow
34:28 Bloodlines
35:53 Bow Saw
40:37 Imperial Age
38:43 Grand Trunk Road
38:40 Light Cavalry
39:21 Husbandry
39:28 Husbandry
39:39 Scale Barding Armor
39:50 Chain Mail Armor
41:14 Heavy Camel Rider
42:12 Heavy Plow
42:50 Conscription
44:19 Chemistry
43:30 Siege Engineers
43:16 Imperial Camel Rider
44:27 Hand Cart
44:18 Shatagni
45:26 Chain Barding Armor
45:42 Iron Casting
48:00 Hussar
49:15 Caravan
52:35 Two-Man Saw
51:01 Pikeman
51:04 Man-at-Arms
52:02 Long Swordsman
59:48 Two-Handed Swordsman
61:15 Plate Barding Armor
[BPG] Dragan
0:33 Loom
12:02 Feudal Age
13:36 Double-Bit Axe
16:17 Castle Age
14:39 Double-Bit Axe
16:10 Fishing Lines
18:06 Bow Saw
17:46 Horse Collar
22:37 Gillnets
24:36 Wheelbarrow
23:47 Town Watch
25:28 Fervor
25:58 Hand Cart
27:57 Fletching
31:16 Imperial Age
28:50 Scale Mail Armor
29:02 Forging
28:48 Bodkin Arrow
29:53 Chain Mail Armor
31:10 Iron Casting
31:40 Chemistry
31:20 Scale Barding Armor
30:53 Pikeman
31:34 Squires
31:19 Arson
32:12 Ballistics
31:50 Murder Holes
32:22 Caravan
32:52 Coinage
33:03 Plate Mail Armor
33:33 Blast Furnace
32:52 Siege Engineers
33:51 Conscription
32:54 Elite Hussite Wagon
33:08 Halberdier
35:39 Blast Furnace
34:57 Bracer
36:16 Onager
39:29 Houfnice
42:11 Wagenburg Tactics
42:28 Padded Archer Armor
47:33 Leather Archer Armor
50:23 Ring Archer Armor
Crusher
0:30 Loom
15:02 Feudal Age
16:14 Wheelbarrow
16:08 Double-Bit Axe
16:43 Horse Collar
23:46 Castle Age
21:54 Gold Mining
21:57 Stone Mining
24:37 Heavy Plow
24:49 Bow Saw
33:44 Imperial Age
31:48 Hand Cart
32:00 Caravan
33:29 Gold Shaft Mining
33:34 Forging
33:29 Scale Barding Armor
33:36 Town Watch
34:39 Conscription
35:21 Two-Man Saw
34:53 Crop Rotation
35:47 Chemistry
36:03 Stone Shaft Mining
36:15 Cavalier
37:35 Iron Casting
37:20 Chain Barding Armor
37:40 Husbandry
38:29 Bloodlines
37:41 Savar
39:38 Conscription
40:23 Blast Furnace
53:27 Town Patrol
54:05 Plate Barding Armor
The_King308
0:34 Loom
16:25 Feudal Age
17:43 Wheelbarrow
17:31 Double-Bit Axe
21:43 Castle Age
20:13 Horse Collar
20:30 Fishing Lines
21:11 Forging
21:02 Scale Mail Armor
21:03 Stone Mining
21:06 Gold Mining
23:15 Bow Saw
24:54 Man-at-Arms
24:55 Pikeman
25:56 Hand Cart
26:35 Iron Casting
26:16 Chain Mail Armor
26:40 Heavy Plow
26:49 Gillnets
28:52 Long Swordsman
32:33 Long Swordsman
35:45 Imperial Age
35:56 Imperial Age
36:38 Town Watch
36:22 Legionary
37:54 Gold Shaft Mining
36:57 Heavy Scorpion
37:47 Ballistas
40:08 Blast Furnace
39:59 Murder Holes
40:50 Coinage
41:41 Chemistry
41:03 Ballistics
41:10 Halberdier
54:53 Fletching
55:03 Padded Archer Armor
the.rock.one
1:23 Loom
13:53 Feudal Age
18:21 Castle Age
32:26 Bloodlines
41:58 Imperial Age
44:55 Elite Ballista Elephant
45:46 Scale Barding Armor
47:24 Chain Barding Armor
48:50 Conscription
48:47 Horse Collar
48:55 Double-Bit Axe
49:04 Gold Mining
49:51 Wheelbarrow
49:43 Heavy Plow
50:20 Plate Barding Armor
49:37 Fletching
49:35 Town Watch
50:20 Light Cavalry
51:10 Bloodlines
51:02 Husbandry
51:16 Forging
51:31 Double Crossbow
57:55 Padded Archer Armor
57:55 Bodkin Arrow
60:07 Chemistry
59:27 Ballistics
59:14 Siege Engineers
laggysnapy
0:46 Loom
14:10 Feudal Age
15:58 Wheelbarrow
18:39 Castle Age
17:18 Fishing Lines
17:29 Double-Bit Axe
17:40 Town Watch
19:41 Bow Saw
19:36 Gillnets
20:33 Stone Mining
27:55 Hand Cart
30:44 Imperial Age
28:53 Fletching
29:07 Yasama
29:45 Town Patrol
31:03 Bodkin Arrow
31:22 Masonry
31:25 Fortified Wall
31:29 Masonry
32:04 Siege Engineers
32:31 Bracer
32:32 Scale Mail Armor
33:16 Ballistics
33:57 Chemistry
33:40 Kataparuto
34:18 Conscription
34:18 Masonry
33:59 Guard Tower
33:43 Pikeman
34:23 Squires
34:59 Chain Mail Armor
34:54 Forging
35:46 Hoardings
37:25 Plate Mail Armor
37:31 Iron Casting
37:01 Arrowslits
37:52 Keep
37:06 Treadmill Crane
39:47 Two-Man Saw
39:26 Coinage
38:57 Caravan
42:02 Blast Furnace
41:39 Banking
40:32 Halberdier
59:59 Padded Archer Armor
60:56 Leather Archer Armor
62:07 Ring Archer Armor
Connection lost

Rejoining the realm…

Still unreachable

The connection could not be restored.

Session expired

The server has moved on; the page needs a fresh start.